 Dungeon Crawl Stone Soup version 0.20.1-1-g8b1a95d (webtiles) character file.

1206 slep the Slasher (level 8, -1/62 HPs)
             Began as a Demonspawn Fighter on Nov 1, 2017.
             Slain by an orc warrior
             ... wielding a +0 trident
              (7 damage)
             ... on level 5 of the Dungeon.
             The game lasted 00:25:06 (4121 turns).

slep the Slasher (Demonspawn Fighter)               Turns: 4121, Time: 00:25:07

Health: -1/62      AC: 11    Str: 17    XL:     8   Next: 21%
Magic:  8/8        EV:  8    Int:  9    God:
Gold:   272        SH: 10    Dex: 15    Spells: 7/7 levels left

rFire    + . .     SeeInvis .   a - +0 long sword
rCold    + . .     Gourm    .   c - +0 shield
rNeg     . . .     Faith    .   e - +1 scale mail {rC+}
rPois    .         Spirit   .   x - +0 helmet
rElec    .         Reflect  .   n - +1 cloak {+Inv}
rCorr    .         Harm     .   (no gloves)
MR       .....                  (no boots)
Stlth    ..........             (no amulet)
Regen    0.2/turn               o - ring of loudness (curse)
MPRegen  0.2/turn               k - ring of protection from fire

@: lethally poisoned (-1 -> -2)
A: talons 1, powered by death 2
a: Evoke Invisibility


You were on level 5 of the Dungeon.
You were not hungry.

You visited 1 branch of the dungeon, and saw 6 of its levels.

You collected 272 gold pieces.

Inventory:

Hand Weapons
 a - a +0 long sword (weapon)
Missiles
 u - 16 tomahawks (quivered)
Armour
 b - a +0 scale mail
 c - a +0 shield (worn)
 e - a +1 scale mail of cold resistance (worn)
 n - a +1 cloak of invisibility (worn)
 x - a +0 helmet (worn)
Jewellery
 i - an uncursed ring of wizardry
 j - an uncursed ring of poison resistance
 k - a ring of protection from fire (right hand)
 o - a cursed ring of loudness (left hand)
Scrolls
 d - a scroll of noise {unknown}
 g - a scroll of immolation {unknown}
 h - 2 scrolls of recharging {unknown}
 p - 3 scrolls of magic mapping {unknown}
 r - 4 scrolls of enchant armour {unknown}
 s - 5 scrolls of identify {unknown}
 y - 2 scrolls of fear {unknown}
 z - 3 scrolls of teleportation {unknown}
 B - 2 scrolls of remove curse {unknown}
 F - a scroll of amnesia {unknown}
Potions
 l - a potion of curing {unknown}
 q - a potion of mutation {unknown}
 t - a potion of lignification
 w - a potion of degeneration {unknown}
 A - a potion of flight
 D - 5 potions of haste
Comestibles
 f - 2 bread rations
 m - 4 fruits
 C - 4 royal jellies
 E - a meat ration


   Skills:
 + Level 5.0 Fighting
 + Level 5.9 Long Blades
 + Level 4.1 Armour
 + Level 2.0 Dodging
 + Level 0.6 Stealth
 + Level 5.0 Shields


You had 7 spell levels left.
You didn't know any spells.

Dungeon Overview and Level Annotations

Branches:
Dungeon (6/15)
 Temple: D:4-7

Altars:
Elyvilon
Gozag
Sif Muna
Uskayaw
Zin


Innate Abilities, Weirdness & Mutations

You have sharp toenails.
You regenerate health from kills.


Message History

You feel sick. The orc wizard casts a spell at you. The magic dart hits you!
You block the orc warrior's attack.
All of the chunks of flesh in your inventory have rotted away.
You closely miss the orc wizard. You claw the orc wizard.
The orc wizard is heavily wounded.
The orc wizard mumbles some strange words.
The orc wizard blinks!
You block the orc warrior's attack.
The orc wizard gestures at you while chanting.
The magic dart hits you!
You feel sick. The orc warrior barely misses you.
You climb upwards.
There is a stone staircase leading down here.
Unknown command.
You hit the orc warrior but do no damage.
Your kick misses the orc warrior.
You feel sick.
The orc warrior hits you with a trident!
* * * LOW HITPOINT WARNING * * *
The orc warrior hits you with a trident!
You die...

#)######..<### #..##.....#.##
#.#........# #..##.......##
#.#........# #..#.....##.#.
#.#........### ##....####....
#.#..........### ###..........##
#.##########...####.......####.#
#.# ###.#........#.## #.# #.#
#.#o#......#..# #.# #.#
#######.#@.....#.##.# #.# #.#
####.>........#.#.#.##.###.#
#.###....#####......#.#.##..##.#
#.....######........#...###....##
...##........#...##.....######..#
.####.###.......#####...##.......
.#....# #........(.........#.#.#.
...#### #......#####.........#.#.
......########.# ###......####.#.


You could see an orc warrior.

Vanquished Creatures
  Grinder (D:3)
  An ogre (D:4)
  The ghost of Echep the Bolt Thrower, an amateur TeAM (D:3)
  A bullfrog (D:3)
  A scorpion (D:4)
  A howler monkey (D:4)
  4 crimson imps
  A centaur zombie (D:5)
  2 orc priests (D:4)
  3 orc wizards
  Crazy Yiuf (D:3)
  An iguana (D:5)
  Terence (D:3)
  3 worker ants (D:4)
  A worker ant zombie (D:5)
  Robin (D:2)
  5 adders
  A shadow imp (D:5)
  2 oozes
  6 worms
  An adder skeleton (D:5)
  2 dart slugs
  5 leopard geckos
  12 orcs
  12 bats
  6 giant cockroaches
  10 goblins
  15 hobgoblins
  6 jackals (D:3)
  2 quokkas (D:5)
  2 ball pythons (D:3)
  3 frilled lizards
  9 kobolds
  11 rats
134 creatures vanquished.

Vanquished Creatures (others)
  An orc wizard (D:6)
1 creature vanquished.

Grand Total: 135 creatures vanquished

Notes
Turn   | Place    | Note
-------+----------+-------------------------------------------
     0 | D:1      | slep the Demonspawn Fighter began the quest for the Orb.
     0 | D:1      | Reached XP level 1. HP: 18/18 MP: 1/1
   120 | D:1      | Gained mutation: You have sharp toenails. [demonic ancestry]
   120 | D:1      | Reached XP level 2. HP: 22/24 MP: 2/2
   633 | D:2      | Reached XP level 3. HP: 29/29 MP: 3/3
   634 | D:2      | Found a glowing silver altar of Zin.
   772 | D:2      | Noticed Robin
   795 | D:2      | Killed Robin
   885 | D:2      | Found a hide-covered altar of Uskayaw.
  1073 | D:2      | Reached XP level 4. HP: 21/35 MP: 4/4
  1567 | D:3      | Noticed Grinder
  1567 | D:3      | Noticed a bullfrog
  1577 | D:3      | Noticed Echep's ghost (amateur TeAM)
  1586 | D:3      | Killed a bullfrog
  1586 | D:3      | Reached XP level 5. HP: 41/41 MP: 5/5
  1821 | D:3      | Killed Echep's ghost
  1821 | D:3      | Reached skill level 1 in Dodging
  1832 | D:3      | Killed Grinder
  1832 | D:3      | Gained mutation: You regenerate a little health from kills. [demonic ancestry]
  1832 | D:3      | Reached XP level 6. HP: 35/48 MP: 6/6
  1899 | D:3      | Found an opulent altar of Gozag.
  1961 | D:3      | Noticed Terence
  1977 | D:3      | Killed Terence
  2076 | D:3      | Found a deep blue altar of Sif Muna.
  2160 | D:3      | Reached XP level 7. HP: 52/54 MP: 7/7
  2188 | D:3      | Found a faded altar of an unknown god.
  2362 | D:3      | Found a runed door.
  2367 | D:3      | Noticed Crazy Yiuf
  2372 | D:3      | Killed Crazy Yiuf
  3006 | D:4      | Reached skill level 5 in Long Blades
  3301 | D:5      | Entered Level 5 of the Dungeon
  3678 | D:5      | Gained mutation: You regenerate health from kills. [demonic ancestry]
  3678 | D:5      | Reached XP level 8. HP: 61/61 MP: 8/8
  3898 | D:5      | Reached skill level 5 in Fighting
  3909 | D:5      | Reached skill level 5 in Shields
  4030 | D:5      | Found a white marble altar of Elyvilon.
  4121 | D:5      | Slain by an orc warrior

Skill      XL: |  1  2  3  4  5  6  7  8 |
---------------+-------------------------+-----
Long Blades    | 2 3 4 5 |  5.9
Armour         | 3 4 |  4.1
Shields        | 3 4 5 |  5.0
Dodging        | 1 2 |  2.0
Fighting       | 4 5 |  5.0
Stealth        | |  0.6

Action                   |  1- 3 |  4- 6 |  7- 9 || total
-------------------------+-------+-------+-------++-------
Melee: Long sword        |   128 |   120 |   240 ||   488
       Kick              |    24 |    33 |    75 ||   132
Throw: Tomahawk          |     2 |       |     2 ||     4
  Use: Potion            |       |     5 |     1 ||     6
  Eat: Chunk             |     1 |     4 |     6 ||    11
Armor: Scale mail        |    64 |    48 |    76 ||   188
       Skin              |       |    26 |       ||    26
Dodge: Dodged            |    30 |    30 |    79 ||   139
Block: Shield            |    70 |    72 |   120 ||   262
       Rpst.: Long sword |    11 |    12 |    18 ||    41
